 Dungeon Crawl Stone Soup version 0.27.1-2-g3b301248ec (webtiles) character file.

Game seed: 1754534758730697202

91 growler the Gusty (level 4, -2/22 (24) HPs)
             Began as a Tengu Air Elementalist on Sept 14, 2021.
             Slain by a goblin (3 damage)
             ... led by Robin
             ... on level 2 of the Dungeon on Sept 22, 2021.
             The game lasted 00:05:57 (1867 turns).

growler the Gusty (Tengu Air Elementalist)          Turns: 1867, Time: 00:05:58

HP:   -2/22 (24)    AC:  2    Str:  9    XL:     4   Next: 57%
MP:   0/9           EV: 12    Int: 16    God:
Gold: 18            SH:  0    Dex: 14    Spells: 5/8 levels left

rFire    . . .     SeeInvis .   c - +0 short sword (speed)
rCold    . . .     Faith    .   (no shield)
rNeg     . . .     Spirit   .   a - +0 robe
rPois    .         Reflect  .   (helmet restricted)
rElec    .         Harm     .   (no cloak)
rCorr    .         Rampage  .   (no gloves)
Will     .....                  (boots unavailable)
Stlth    ++........             (no amulet)
HPRegen  0.07/turn              (no ring)
MPRegen  0.11/turn              (no ring)

@: drained
A: beak, talons 3
a: no special abilities


You were on level 2 of the Dungeon.
You visited 1 branch of the dungeon, and saw 2 of its levels.

You collected 18 gold pieces.

Inventory:

Hand Weapons
 c - a +0 short sword of speed (weapon)
   (You took it off a kobold on level 1 of the Dungeon)
Armour
 a - a +0 robe (worn)
Jewellery
 f - an amulet of the acrobat
   (You found it on level 1 of the Dungeon)
Scrolls
 d - a scroll of amnesia {unknown}
 g - 2 scrolls of identify {unknown}
 i - a scroll of magic mapping {unknown}
Potions
 b - 4 potions of flight {unknown}
 e - a potion of haste {unknown}
 h - a potion of cancellation {unknown}
 j - a potion of heal wounds {unknown}
 k - a potion of magic {unknown}


   Skills:
 - Level 2.1 Dodging
 - Level 2.0 Stealth
 + Level 2.9 Spellcasting
 + Level 3.4 Conjurations
 + Level 5.1 Air Magic


You had 5 spell levels left.
You knew the following spells:

 Your Spells              Type           Power      Damage    Failure   Level
a - Shock                 Conj/Air       64%        1d7       3%          1
d - Static Discharge      Conj/Air       16%        N/A       4%          2

Your spell library contained the following spells:

 Spells                   Type           Power      Damage    Failure   Level
 Swiftness                Air            18%        N/A       7%          3
 Airstrike                Air            9%         N/A       22%         4


Dungeon Overview and Level Annotations

Branches:
Dungeon (2/15)

Altars:

Annotations:
D:2 Robin


Innate Abilities, Weirdness & Mutations

You have a beak for a mouth.
You have claws for feet.


Message History

The goblin hits you with a +0 dagger.
Aim: a goblin, wielding a +0 dagger (severely wounded, strong, 64% to hit)
The zap hits the goblin.
You kill the goblin!
The zap hits the goblin.
You kill the goblin!
The zap hits the hobgoblin but does no damage.
The zap misses Robin.
The hobgoblin shouts!
Aim: a goblin, wielding a +0 dagger (strong, 64% to hit)
The zap hits the goblin.
The zap hits the hobgoblin.
You kill the hobgoblin!
The zap hits Robin.
Robin throws the goblin at you!
A goblin comes into view. It is wielding a +0 dagger.
The goblin closely misses you.
The goblin shouts!
You hit the goblin.
You kill the goblin!
The goblin unwields a +0 club.
The goblin wields a +0 hunting sling.
The goblin shoots a stone.
The stone barely misses you.
The stone hits the goblin.
The goblin dies!
You see here a +0 dagger.
Robin throws the goblin at you!
The goblin unwields a +0 hunting sling.
The goblin wields a +0 club.
The goblin closely misses you.
You closely miss the goblin. You peck the goblin, but do no damage.
You closely miss the goblin. Your kick misses the goblin.
Your peck misses the goblin. The goblin barely misses you.
You hit the goblin but do no damage. Your peck misses the goblin.
The goblin misses you.
Robin is struck by an arc of lightning!
You are struck by an arc of lightning.
The lightning grounds out.
The goblin misses you.
Robin is struck by an arc of lightning!
The goblin is struck by an arc of lightning.
The lightning grounds out.
Robin hits you with a +1 short sword of draining.
* * * LOW HITPOINT WARNING * * *
You feel drained.
* * * LOW HITPOINT WARNING * * *
The goblin hits you with a +0 dagger.
* * * LOW HITPOINT WARNING * * *
The goblin closely misses you.
You closely miss the goblin. Your kick misses the goblin.
Your peck misses the goblin.
Robin hits you with a +1 short sword of draining.
* * * LOW HITPOINT WARNING * * *
You feel drained.
* * * LOW HITPOINT WARNING * * *
The goblin hits you with a +0 dagger.
You die...

###.###.##
.. #.# #
#.## #..#
##.# #.#
#.# #g#
##@# #gg#
#g## #)#
#)# .†#
†).# ....#
g†...#


You could see Robin, a hobgoblin (strong) and 2 goblins.

Vanquished Creatures
  A gnoll (D:1)
  2 adders (D:2)
  4 dart slugs (D:1)
  2 endoplasms
  13 goblins
  6 hobgoblins
  3 jackals (D:1)
  4 kobolds (D:1)
  2 quokkas
  6 ball pythons
  A bat (D:1)
  3 frilled lizards
  5 rats
52 creatures vanquished.

Vanquished Creatures (others)
  A goblin (D:2)
1 creature vanquished.

Grand Total: 53 creatures vanquished

Notes
Turn   | Place    | Note
-------+----------+-------------------------------------------
     0 | D:1      | growler the Tengu Air Elementalist began the quest for the
                  | Orb.
     0 | D:1      | Reached XP level 1. HP: 10/10 MP: 4/4
   157 | D:1      | Reached XP level 2. HP: 15/15 MP: 1/6
   532 | D:1      | Reached XP level 3. HP: 14/19 MP: 2/7
   729 | D:1      | Found a faded altar of an unknown god.
  1191 | D:1      | Learned a level 2 spell: Static Discharge
  1344 | D:2      | Upgraded the game from 0.27.1-1-g398f81649c to
                  | 0.27.1-2-g3b301248ec
  1474 | D:2      | Reached skill level 5 in Air Magic
  1474 | D:2      | Reached XP level 4. HP: 17/24 MP: 0/9
  1848 | D:2      | Noticed Robin
  1867 | D:2      | HP: 1/22 [Robin (1)]
  1867 | D:2      | Slain by a goblin

Illustrated notes

Levels and vault maps discovered:
D:1:      wander_arrival_peaceful_grave, layout_loops_ring,
          ebering_ecumenical_altar_abandoned
D:2:      layout_loops_cross, uniq_robin

Skill      XL: |  1  2  3 |
---------------+----------+-----
Conjurations   | 2 3 |  3.4
Air Magic      | 5 |  5.1
Dodging        | |  2.1
Stealth        | |  2.0
Spellcasting   | |  2.9

Action                   |  1- 3 |  4- 6 || total
-------------------------+-------+-------++-------
Melee: Short sword       |    45 |     8 ||    53
       Kick              |     8 |       ||     8
       Peck              |     3 |     1 ||     4
 Cast: Shock             |    53 |    14 ||    67
       Static Discharge  |     2 |     4 ||     6
 Stab: Sleeping          |     4 |       ||     4
Armor: Robe              |     6 |     1 ||     7
Dodge: Dodged            |    28 |     9 ||    37
